 Dungeon Crawl Stone Soup version 0.25-a0-583-g696c2ac64d (webtiles) character file.

Game seed: 6398111366721280251, levelgen mode: deterministic

300 Kohma the Insei (level 6, -5/39 HPs)
             Began as an Octopode Transmuter on Mar 8, 2020.
             Killed from afar by Blork the orc (9 damage)
             ... with a puff of frost
             ... on level 4 of the Dungeon.
             The game lasted 00:08:20 (3113 turns).

Kohma the Insei (Octopode Transmuter)               Turns: 3113, Time: 00:08:21

Health: -5/39      AC:  2    Str: 10    XL:     6   Next: 36%
Magic:  18/19      EV: 21    Int: 17    God:
Gold:   254        SH:  0    Dex: 17    Spells: 5/11 levels left

rFire    . . .     SeeInvis .     - Unarmed
rCold    . . .     Gourm    .   (shield currently unavailable)
rNeg     . . .     Faith    .   (helmet currently unavailable)
rPois    x         Spirit   .   (no amulet)
rElec    .         Reflect  .   j - ring of magical power
rCorr    .         Harm     .   (no ring)
MR       .....                  (no ring)
Stlth    ++........             (no ring)
HPRegen  0.13/turn              (no ring)
MPRegen  0.16/turn              (no ring)
                                (no ring)
                                (no ring)

@: spider-form (expiring)
A: tiny, almost no armour, stealthy swim, (amphibious), 8 rings, (constrict 8)
a: End Transformation


You were on level 4 of the Dungeon.
You were hungry.
You were a venomous arachnid creature.
You visited 1 branch of the dungeon, and saw 4 of its levels.

You collected 254 gold pieces.

Inventory:

Hand Weapons
 k - a +0 hunting sling
 A - a +0 dagger of venom
Missiles
 a - 96 arrows
 l - 117 stones (quivered)
Jewellery
 j - a ring of magical power (left front leg)
Wands
 u - a wand of digging (7)
Scrolls
 d - a scroll of fog {unknown}
 i - 2 scrolls of teleportation {unknown}
 m - 4 scrolls of random uselessness {unknown}
 o - 7 scrolls of identify {unknown}
 q - 2 scrolls of remove curse {unknown}
 r - a scroll of noise {unknown}
 s - a scroll of immolation {unknown}
 w - a scroll of enchant armour {unknown}
 y - a scroll of amnesia {unknown}
Potions
 b - 2 potions of berserk rage {unknown}
 e - 2 potions of degeneration {unknown}
 f - 2 potions of haste {unknown}
 g - a potion of might {unknown}
 h - a potion of flight {unknown}
 n - a potion of magic {unknown}
 p - 2 potions of curing {unknown}
 t - a potion of ambrosia {unknown}
 x - a potion of heal wounds {unknown}
 z - a potion of resistance {unknown}
 B - a potion of cancellation {unknown}
Comestibles
 c - 6 rations


   Skills:
 - Level 2.0 Fighting
 - Level 3.1 Dodging
 + Level 4.1 Unarmed Combat
 - Level 3.1 Spellcasting
 * Level 4.0 Transmutations


You had 5 spell levels left.
You knew the following spells:

 Your Spells              Type           Power        Failure   Level  Hunger
a - Beastly Appendage     Tmut           ###...       11%         1    None
b - Sticks to Snakes      Tmut           ###.....     14%         2    ##.....
c - Spider Form           Tmut/Pois      #.........   43%         3    ###....

Your spell library contained the following spells:

 Spells                   Type           Power        Failure   Level  Hunger
 Ice Form                 Ice/Tmut       #.......     78%         4    ####...
 Blade Hands              Tmut           ###.......   85%         5    ######.


Dungeon Overview and Level Annotations

Branches:
Dungeon (4/15)
 Temple: D:4-7

Altars:

Annotations:
D:4 Blork the orc


Innate Abilities, Weirdness & Mutations

You cannot wear most types of armour.
You are very stealthy in the water. (Stealth+)
((You are amphibious.))
You can wear up to eight rings at the same time.
((You can use your tentacles to constrict eight enemies at once.))
((Your skin changes colour to match your surroundings (Stealth+).))
((Your rubbery body absorbs attacks. (AC +1, EV +1)))


Message History

Blork the orc hits you with a +0 short sword.
Blork the orc hits you with a +0 short sword!
* * * LOW HITPOINT WARNING * * *
You hit Blork the orc.
Blork the orc is poisoned.
Blork the orc is lightly wounded.
Your transformation is almost over.
Blork the orc hits you with a +0 short sword.
* * * LOW HITPOINT WARNING * * *
Blork the orc closely misses you. Blork the orc barely misses you.
Blork the orc misses you.
Blork the orc screams, "I'm much stronger than you!"
Blork the orc closely misses you.
Blork the orc screams, "I'll drink your blood!
Soon!"
Blork the orc hits you with a +0 short sword.
* * * LOW HITPOINT WARNING * * *
Okay, then.
Okay, then.
Blork the orc casts a spell at you. The puff of frost hits you!
You die...

....'..#.....#
....##.#.###.####
....##.#.###....#
.......#.##.##.###
.......#....##...#
......o####.####.#
.......# #.# #o#
.....))####.# #.#
..####.)o(..# #s#
.> ######## #.# ##
######.# #....#.#
#.##.#.# #.#<.#.#
#.#..#.# #.####.#
#....#.#


You could see Blork the orc.

Vanquished Creatures
  A hound (D:4)
  2 orc priests
  2 orc wizards (D:3)
  Terence (D:2)
  3 adders
  An ooze (D:3)
  A worm (D:2)
  2 dart slugs (D:1)
  13 orcs
  2 ball pythons
  6 bats
  3 giant cockroaches
  12 goblins
  9 hobgoblins
  2 jackals (D:1)
  7 kobolds
  A quokka (D:3)
  5 frilled lizards
  6 rats
  A bush (D:1)
  A plant (D:1)
81 creatures vanquished.

Notes
Turn   | Place    | Note
-------+----------+-------------------------------------------
     0 | D:1      | Kohma the Octopode Transmuter began the quest for the Orb.
     0 | D:1      | Reached XP level 1. HP: 13/13 MP: 3/3
   120 | D:1      | Reached XP level 2. HP: 14/18 MP: 5/5
   124 | D:1      | Learned a level 2 spell: Sticks to Snakes
   354 | D:1      | Reached XP level 3. HP: 20/23 MP: 6/6
   688 | D:1      | Learned a level 3 spell: Spider Form
  1594 | D:2      | Reached XP level 4. HP: 19/29 MP: 5/7
  1797 | D:2      | Noticed Terence
  1805 | D:2      | Killed Terence
  1966 | D:3      | Reached XP level 5. HP: 26/34 MP: 8/8
  2499 | D:3      | Reached XP level 6. HP: 33/39 MP: 10/10
  3063 | D:4      | Noticed Blork the orc
  3113 | D:4      | Killed from afar by Blork the orc

Levels and vault maps discovered:
D:1:      wander_arrival_estate, layout_basic, serial_forest,
          infiniplex_forest_clump_long, infiniplex_forest_lined_3,
          infiniplex_forest_side_room, infiniplex_forest_straight_5
D:2:      layout_basic, uniq_terence
D:3:      layout_basic, grunt_ministairs_14
D:4:      layout_basic, chequers_temple_overflow_statue_of_worship,
          minmay_temple_entry_poolview, gammafunk_ghost_cemetery,
          chequers_jeans, uniq_blork_the_orc

Skill      XL: |  1  2  3  4  5  6 |
---------------+-------------------+-----
Fighting       | 2 |  2.0
Dodging        | 3 |  3.1
Unarmed Combat | 4 |  4.1
Transmutations | 3 4 |  4.0
Spellcasting   | 3 |  3.1

Action                   |  1- 3 |  4- 6 || total
-------------------------+-------+-------++-------
Melee: Unarmed           |   218 |   111 ||   329
       Constrict         |    21 |    13 ||    34
       Tentacles         |    52 |     4 ||    56
       Kick              |     5 |       ||     5
       Punch             |     5 |     5 ||    10
 Cast: Beastly Appendage |     5 |       ||     5
       Spider Form       |     2 |     6 ||     8
 Stab: Sleeping          |     3 |     1 ||     4
  Eat: Chunk             |     2 |     6 ||     8
Armor: Skin              |     9 |     8 ||    17
Dodge: Dodged            |    57 |   109 ||   166

Table legend:
 A = Non-vault XP
 B = Vault XP
 C = Vault XP percentage of total XP
 D = Non-vault monster count
 E = Vault monster count
 F = Vault count percentage of total count
                 A         B        C        D         E       F
            +---------+---------+-------+---------+---------+-------
      Total |     301 |     128 |  29.8 |      72 |       7 |   8.9
            +---------+---------+-------+---------+---------+-------
        D:1 |      42 |       0 |   0.0 |      23 |       0 |   0.0
        D:2 |      61 |      36 |  37.1 |      22 |       1 |   4.3
        D:3 |     106 |      92 |  46.5 |      23 |       6 |  20.7
        D:4 |      92 |       0 |   0.0 |       4 |       0 |   0.0
            +---------+---------+-------+---------+---------+-------
